 Dungeon Sprint DCSS version 0.23.0-3-gf3c87f2 (webtiles) character file.

Game seed: 4048446104877298420

8700000 Fang the Conqueror (level 27, -10/249 HPs)
             Began as a Barachi Gladiator on Feb 21, 2019.
             Was the Champion of Makhleb.
             Mangled by a destroyer
             ... wielding a +9 great sword of slicing
              (29 damage)
             ... in the Dungeon (Sprint VIII: "Arena of Blood").
             The game lasted 00:01:12 (87 turns).

Fang the Conqueror (Barachi Gladiator)                Turns: 87, Time: 00:01:13

Health: -10/249    AC:  8    Str: 26    XL:     27
Magic:  36/54      EV: 32    Int:  9    God:    Makhleb [******]
Gold:   0          SH:  0    Dex: 16    Spells: 80/80 levels left

rFire    . . .     SeeInvis .   l - +โˆž Axe of Woe
rCold    . . .     Gourm    .   (shield currently unavailable)
rNeg     . . .     Faith    .   b - +0 leather armour
rPois    .         Spirit   .   c - +0 helmet
rElec    .         Reflect  .   (no cloak)
rCorr    .         Harm     .   (no gloves)
MR       ++...     NoTele   +   (no boots)
Stlth    +++++++++.             (no amulet)
HPRegen  0.51/turn              (no ring)
MPRegen  0.34/turn              (no ring)

@: slow
A: +LOS, swims, slowness 1, strong legs 2
a: Hop, Minor Destruction, Lesser Servant of Makhleb, Major Destruction, Greater
Servant of Makhleb, Renounce Religion


You were in the Dungeon.
You worshipped Makhleb.
Makhleb was exalted by your worship.
You were not hungry.

You visited 1 branch

Inventory:

Hand Weapons
 a - a +0 war axe
 l - the +โˆž Axe of Woe (weapon)
   (You found it in the Dungeon)
Missiles
 d - 3 throwing nets (quivered)
Armour
 b - a +0 leather armour (worn)
 c - a +0 helmet (worn)
Jewellery
 m - a +30 ring of slaying
 n - a +30 ring of slaying
Scrolls
 k - a scroll of blinking
Potions
 e - a potion of curing
 g - a potion of heal wounds
 h - a potion of haste
 i - 2 potions of magic
 j - a potion of berserk rage
Comestibles
 f - a ration


   Skills:
 O Level 27 Fighting
 O Level 27 Axes
 O Level 27 Throwing
 O Level 27 Armour
 O Level 27 Dodging
 O Level 27 Stealth
 O Level 27 Unarmed Combat
 O Level 27 Spellcasting
 O Level 27 Invocations


You had 80 spell levels left.
You didn't know any spells.
Your spell library was empty.

Dungeon Overview and Level Annotations

Branches:
Dungeon (1/1)

Altars:
Makhleb


Innate Abilities, Weirdness & Mutations

Shadows flee at your approach. (+LOS)
You can swim through water.
You cover ground slowly.
You can hop long distances.


Message History

No target in view!
You hear a shout! x7
m - a +30 ring of slaying;
n - a +30 ring of slaying
Things that are here:
a +9 war axe x2; a bag of meat corpse You hear a shout! x5
You hear a shout! x3
You hear a shout! x5
No target in view!
You hear a shout! x3
A destroyer comes into view.
It is wielding a +9 great sword of slicing.
The destroyer shouts!
You hear a shout! x11
You hear a shout! x4
The destroyer blinks!
You hear a shout! x4
You hear a shout! x6
The destroyer hits you with a +9 great sword of slicing!!!!!
Ouch! That really hurt!
* * * LOW HITPOINT WARNING * * *
You die...

.................####...
........%................
#.........%...%.........#
.........................
.......................#
#..).%.ยง#............ ..
#..)))))#...........##
..###.....).###..........
.......###).))@........###.
........_)).)V.............
.....#.....#.......#.#....
...o.#_.<)_#...)...........
.... #.....#...)))#.#.#....
........_........))).......
.......###......)))#.#.#..
..###.......###))))).....#
.. #.......#.............#


You could see a destroyer.

Vanquished Creatures
  A vampire knight (D)
  12 ogres (D)
  2 two-headed ogres (D)
  55 orcs (D)
70 creatures vanquished.

Notes
Turn   | Place    | Note
-------+----------+-------------------------------------------
     0 | D        | Found the +โˆž Axe of Woe
     0 | D        | Fang the Barachi Gladiator began the quest for the Orb.
     0 | D        | Reached XP level 1. HP: 17/17 MP: 1/1
     2 | D        | Noticed a bag of meat
     4 | D        | Became a worshipper of Makhleb the Destroyer
     6 | D        | Noticed a bag of meat
     9 | D        | Killed a bag of meat
     9 | D        | Reached skill level 15 in Axes
     9 | D        | Reached skill level 15 in Dodging
     9 | D        | Reached XP level 2. HP: 47/47 MP: 2/2
     9 | D        | Reached XP level 3. HP: 53/53 MP: 3/3
     9 | D        | Reached XP level 4. HP: 60/60 MP: 4/4
     9 | D        | Reached XP level 5. HP: 67/67 MP: 5/5
     9 | D        | Reached XP level 6. HP: 74/74 MP: 6/6
     9 | D        | Reached XP level 7. HP: 80/80 MP: 7/7
     9 | D        | Reached XP level 8. HP: 87/87 MP: 8/8
     9 | D        | Reached XP level 9. HP: 93/93 MP: 9/9
     9 | D        | Reached XP level 10. HP: 101/101 MP: 10/10
     9 | D        | Reached XP level 11. HP: 107/107 MP: 11/11
     9 | D        | Reached XP level 12. HP: 114/114 MP: 12/12
    10 | D        | Noticed a bag of meat
    10 | D        | Noticed a bag of meat
    10 | D        | Noticed a bag of meat
    11 | D        | Killed a bag of meat
    11 | D        | Reached * piety under Makhleb
    11 | D        | Gained mutation: You can hop long distances. [Barachi
                  | growth]
    11 | D        | Reached XP level 13. HP: 96/125 MP: 13/13
    12 | D        | Noticed a meat berserker
    12 | D        | Noticed a meat berserker
    13 | D        | Noticed a bag of meat
    14 | D        | Noticed a bag of meat
    14 | D        | Noticed a bag of meat
    14 | D        | Noticed a bag of meat
    15 | D        | Killed a bag of meat
    15 | D        | Reached XP level 14. HP: 106/136 MP: 14/14
    15 | D        | Killed a bag of meat
    15 | D        | Noticed a bag of meat
    16 | D        | Noticed a meat berserker
    17 | D        | Killed a meat berserker
    17 | D        | Reached ** piety under Makhleb
    17 | D        | Reached XP level 15. HP: 149/152 MP: 15/15
    18 | D        | Killed a meat berserker
    18 | D        | Reached XP level 16. HP: 164/164 MP: 16/16
    18 | D        | Noticed a destroyer
    20 | D        | Killed a destroyer
    20 | D        | Reached *** piety under Makhleb
    20 | D        | Reached skill level 27 in Fighting
    20 | D        | Reached skill level 27 in Axes
    20 | D        | Reached skill level 27 in Throwing
    20 | D        | Reached skill level 27 in Dodging
    20 | D        | Reached XP level 17. HP: 174/174 MP: 16/20
    21 | D        | Killed a meat berserker
    21 | D        | Reached skill level 10 in Invocations
    21 | D        | Reached XP level 18. HP: 182/182 MP: 16/33
    22 | D        | Reached **** piety under Makhleb
    22 | D        | Reached skill level 15 in Armour
    23 | D        | Reached skill level 15 in Unarmed Combat
    23 | D        | Reached skill level 15 in Stealth
    23 | D        | Reached skill level 15 in Spellcasting
    23 | D        | Reached XP level 19. HP: 189/189 MP: 16/38
    25 | D        | Reached skill level 15 in Invocations
    26 | D        | Noticed a meat berserker
    27 | D        | Reached ***** piety under Makhleb
    28 | D        | Reached XP level 20. HP: 197/197 MP: 17/43
    30 | D        | Noticed a meat berserker
    31 | D        | Killed a meat berserker
    32 | D        | Noticed a large bag of meat
    35 | D        | Killed a meat berserker
    35 | D        | Reached XP level 21. HP: 204/204 MP: 19/48
    35 | D        | Reached skill level 27 in Armour
    36 | D        | Reached ****** piety under Makhleb
    37 | D        | Reached skill level 27 in Unarmed Combat
    39 | D        | Reached XP level 22. HP: 212/212 MP: 20/52
    40 | D        | Killed a large bag of meat
    40 | D        | Reached skill level 27 in Stealth
    40 | D        | Reached skill level 27 in Spellcasting
    40 | D        | Reached skill level 27 in Invocations
    43 | D        | Reached XP level 23. HP: 219/219 MP: 21/54
    52 | D        | Reached XP level 24. HP: 227/227 MP: 24/54
    54 | D        | Noticed a large bag of meat
    55 | D        | Reached XP level 25. HP: 234/234 MP: 25/54
    59 | D        | Reached XP level 26. HP: 242/242 MP: 26/54
    63 | D        | Killed a large bag of meat
    63 | D        | Reached XP level 27. HP: 249/249 MP: 27/54
    84 | D        | Noticed a destroyer
    87 | D        | Mangled by a destroyer

Skill      XL: |  1  2  3  4  5  6  7  8  9 10 11 12 13 14 15 16 17 18 19 20 21 22 |
---------------+-------------------------------------------------------------------+-----
Fighting       | 17 19 20 24 26 27 | 27.0
Axes           | 15 18 19 22 24 27 | 27.0
Throwing       | 14 16 18 21 22 27 | 27.0
Dodging        | 15 18 19 22 24 27 | 27.0
Armour         | 2 13 18 22 26 27 | 27.0
Stealth        | 2 11 15 19 23 26 27 | 27.0
Unarmed Combat | 2 12 16 20 25 27 | 27.0
Spellcasting   | 2 11 15 19 23 26 27 | 27.0
Invocations    | 2 10 14 18 21 24 27 | 27.0

Action                   |  1- 3 |  4- 6 |  7- 9 | 10-12 | 13-15 | 16-18 | 19-21 | 22-24 | 25-27 || total
-------------------------+-------+-------+-------+-------+-------+-------+-------+-------+-------++-------
Melee: Executioner's axe |     1 |       |       |     1 |     3 |     5 |     9 |     9 |    17 ||    45
 Abil: Hop               |       |       |       |     1 |       |       |       |       |       ||     1
Dodge: Dodged            |       |       |       |       |     1 |       |     1 |     4 |     1 ||     7
